 Dungeon Crawl Stone Soup version 0.22-a0-282-gdd34a7dfb5 (webtiles) character file.

0 Manul the Ducker (level 1, -7/11 HPs)
             Began as a Spriggan Abyssal Knight on Mar 18, 2018.
             Was a Follower of Lugonu.
             Mangled by a large abomination (16 damage)
             ... on level 4 of the Abyss.
             The game lasted 00:00:53 (379 turns).

Manul the Ducker (Spriggan Abyssal Knight)           Turns: 379, Time: 00:00:54

Health: -7/11      AC:  2    Str:  8    XL:     1   Next: 0%
Magic:  3/3        EV: 18    Int: 13    God:    Lugonu [*.....]
Gold:   50         SH:  0    Dex: 15    Spells: 0/0 levels left

rFire    . . .     SeeInvis +   a - +1 short sword
rCold    . . .     Gourm    .   (shield restricted)
rNeg     . . .     Faith    +   b - +0 robe
rPois    .         Spirit   .   (helmet restricted)
rElec    .         Reflect  .   (no cloak)
rCorr    .         Harm     .   (gloves unavailable)
MR       .....                  (boots unavailable)
Stlth    +.........             g - amulet of faith
HPRegen  0.03/turn              (no ring)
MPRegen  0.08/turn              (no ring)

@: very quick
A: very small, unfitting armour, see invisible, herbivore, speed 3, slow
metabolism 2
a: Depart the Abyss, Renounce Religion


You were on level 4 of the Abyss.
You worshipped Lugonu.
Lugonu was aware of your devotion.
You were not hungry.

You visited 0 branches of the dungeon, and saw 0 of its levels.
You visited the Abyss 1 time.

You collected 50 gold pieces.

Inventory:

Hand Weapons
 a - a +1 short sword (weapon)
Armour
 b - a +0 robe (worn)
Jewellery
 g - an amulet of faith (around neck)
Scrolls
 d - a scroll of remove curse
Potions
 f - 2 potions of might {unknown}
 h - a potion of brilliance {unknown}
Miscellaneous
 e - a lightning rod (4/4)
Comestibles
 c - 2 rations


   Skills:
 + Level 2.4 Fighting
 + Level 2.1 Short Blades
 + Level 3.5 Dodging
 + Level 1.7 Invocations


You couldn't memorise any spells.
You didn't know any spells.

Dungeon Overview and Level Annotations

Branches:
Dungeon (0/15)

Altars:


Innate Abilities, Weirdness & Mutations

You are very small and have problems with some larger weapons.
You are too small for most types of armour.
You have supernaturally acute eyesight. (SInv)
You are a herbivore.
You cover ground extremely quickly.
You need to consume almost no food.


Message History

The guardian serpent casts a spell at you.
The bolt of poison misses you.
A sixfirhy comes into view.
A small abomination comes into view.
Found a scroll labeled WAEWYA PEOF.
A golden eye comes into view.
A vampire comes into view.
A small abomination and a large abomination come into view.
The large abomination moves out of view.
The golden eye turns its gaze towards you.
The golden eye blinks!
The guardian serpent weaves intricate patterns with the tip of its tongue.
The small abomination blinks!
The large abomination blinks into view!
The large abomination blinks!
The insubstantial wisp blinks into view!
The small abomination hits you.
The insubstantial wisp barely misses you.
The large abomination hits you!
Ouch! That really hurt!
You die...

##......##......# ...
.X.....................
...................... .
.......................
.................... ....
... .....................
................... .....
.##....S.##.....X# ......
##......##....X@##..V...
..........S.§..x.v.......
... ......§.......?......
........................
. .......................
.........................
. ....................x.
## ....##......##......
#..... ##......# ..§...


You could see 2 large abominations, a guardian serpent, 2 small abominations and
an insubstantial wisp.

Vanquished Creatures
  A bush (Abyss:1)
1 creature vanquished.

Notes
Turn   | Place    | Note
-------+----------+-------------------------------------------
     0 | Abyss:1  | Manul the Spriggan Abyssal Knight began the quest for the Orb.
     0 | Abyss:1  | Reached XP level 1. HP: 11/11 MP: 3/3
   240 | Abyss:3  | Found a corrupted altar of Lugonu.
   281 | Abyss:3  | Noticed a large abomination
   352 | Abyss:4  | Noticed a large abomination
   354 | Abyss:4  | Noticed a guardian serpent
   355 | Abyss:4  | Noticed an insubstantial wisp
   356 | Abyss:4  | Noticed a large abomination
   359 | Abyss:4  | Noticed a sixfirhy
   362 | Abyss:4  | Noticed a small abomination
   376 | Abyss:4  | Noticed a golden eye
   376 | Abyss:4  | Noticed a vampire
   377 | Abyss:4  | Noticed a large abomination
   377 | Abyss:4  | Noticed a small abomination
   379 | Abyss:4  | Mangled by a large abomination

Vault maps used:
Abyss:2:  minivault_5, minivault_24
Abyss:3:  hangedman_abyss_or_decor_clamps
Abyss:4:  hangedman_abyss_river_spirits, minivault_1, bh_abyss_negative,
          doesnt_abyss_rune_brain_food

Action                   || total
-------------------------++-------
Melee: Short sword       ||   182
  Use: Scroll            ||     2
Dodge: Dodged            ||     2

Table legend:
 A = Spawn XP
 B = Non-spawn XP
 C = Spawn XP percentage of total XP
 D = Spawn monster count
 E = Non-spawn monster count
 F = Spawn count percentage of total count
 G = Total turns spent on level
                    A         B        C        D         E        F      G
               +---------+---------+-------+---------+---------+-------+---------
         Total |       0 |       0 |   N/A |       0 |       0 |   N/A |   379
               +---------+---------+-------+---------+---------+-------+---------
               +---------+---------+-------+---------+---------+-------+---------
